 Dungeon Crawl Stone Soup version 0.21.0-25-ge575cb9 (webtiles) character file.

242 troglodite the Skirmisher (level 5, -6/63 HPs)
             Began as a Demonspawn Berserker on Jan 25, 2018.
             Was a Believer of Trog.
             Mangled by a wyvern (16 damage)
             ... on level 3 of the Dungeon.
             The game lasted 00:11:27 (3641 turns).

troglodite the Skirmisher (Demonspawn Berserker)    Turns: 3641, Time: 00:11:28

Health: -6/63      AC:  8    Str: 22    XL:     5   Next: 82%
Magic:  5/5        EV: 11    Int:  8    God:    Trog [**....]
Gold:   151        SH:  0    Dex: 14    Spells: 4/4 levels left

rFire    . . .     SeeInvis .   a - +0 falchion
rCold    + . .     Gourm    .   (no shield)
rNeg     . . .     Faith    .   p - +0 scale mail
rPois    .         Spirit   .   (no helmet)
rElec    .         Reflect  .   (no cloak)
rCorr    .         Harm     .   (no gloves)
MR       .....                  (no boots)
Stlth    ..........             (no amulet)
HPRegen  0.20/turn              m - ring of protection from cold
MPRegen  0.09/turn              (no ring)

@: berserking, very quick
A: yellow scales 1, nightstalker 1
a: Berserk, Trog's Hand, Burn Spellbooks, Renounce Religion


You were on level 3 of the Dungeon.
You worshipped Trog.
Trog was pleased with you.
You were very hungry.

You visited 1 branch of the dungeon, and saw 3 of its levels.

You collected 151 gold pieces.

Inventory:

Hand Weapons
 a - a +0 falchion (weapon)
Armour
 p - a +0 scale mail (worn)
Jewellery
 m - a ring of protection from cold (left hand)
Wands
 b - a wand of digging (10)
Scrolls
 d - 3 scrolls of enchant weapon {unknown}
 e - 3 scrolls of remove curse {unknown}
 f - 2 scrolls of identify {unknown}
 h - a scroll of amnesia {unknown}
 j - 2 scrolls of teleportation {unknown}
Potions
 g - a potion of flight {unknown}
 i - a potion of curing {unknown}
 k - a potion of lignification {unknown}
 l - 2 potions of agility {unknown}
 o - 2 potions of mutation {unknown}
Comestibles
 c - 4 rations
 n - 5 chunks of flesh


   Skills:
 * Level 4.1 Fighting
 + Level 3.8 Long Blades
 * Level 2.5 Armour
 * Level 2.8 Dodging
 * Level 2.0 Stealth


You had 4 spell levels left.
You didn't know any spells.

Dungeon Overview and Level Annotations

Branches:
Dungeon (3/15)

Altars:
Okawaru
Qazlal
Uskayaw
Wu Jian


Innate Abilities, Weirdness & Mutations

You are partially covered in yellow scales. (AC +2)
You are slightly more attuned to the shadows.


Message History

Found an ornate altar of the Wu Jian Council.
b - a wand of digging (10)
There is an open door here.
Found a silvery potion.
A wyvern comes into view.
The wyvern hisses angrily.
The wyvern bites you!
You completely miss the wyvern. The wyvern bites you! The wyvern bites you.
You are too injured to fight recklessly!
You are too injured to fight recklessly!
A red film seems to cover your vision as you go berserk!
You feel yourself moving faster!
You feel mighty!
You are feeling very hungry.
The wyvern misses you.
You riposte.
Your scale mail prevents you from hitting the wyvern.
You barely miss the wyvern. The wyvern bites you!
You barely miss the wyvern. The wyvern bites you!
* * * LOW HITPOINT WARNING * * *
You closely miss the wyvern. The wyvern bites you!
You die...

#........)#
##.......##
##.....##
##...##
###'## #.#..#
##..#.#
#...##.###
#.#@.....#
#.._..l.##.#
#..#.#....#..
#.##........
...
.....!##.# ##
.......# .#
## #...##


You could see a wyvern.

Vanquished Creatures
  A quasit (D:3)
  An orc wizard (D:3)
  Natasha (thrice) (D:3)
  2 adders
  2 oozes (D:3)
  2 worms (D:3)
  A dart slug (D:1)
  6 orcs (D:3)
  5 bats
  6 giant cockroaches
  9 goblins
  7 hobgoblins
  3 jackals (D:1)
  10 kobolds
  2 quokkas (D:3)
  4 frilled lizards
  7 rats
71 creatures vanquished.

Notes
Turn   | Place    | Note
-------+----------+-------------------------------------------
     0 | D:1      | troglodite the Demonspawn Berserker began the quest for the Orb.
     0 | D:1      | Reached XP level 1. HP: 18/18 MP: 1/1
    89 | D:1      | Gained mutation: You are slightly more attuned to the shadows. [demonic ancestry]
    89 | D:1      | Reached XP level 2. HP: 12/24 MP: 2/2
   887 | D:1      | Reached XP level 3. HP: 23/29 MP: 3/3
  1114 | D:1      | Reached ** piety under Trog
  2391 | D:3      | Reached skill level 1 in Stealth
  2391 | D:3      | Gained mutation: You are partially covered in yellow scales. (AC +2) [demonic ancestry]
  2391 | D:3      | Reached XP level 4. HP: 37/37 MP: 4/4
  2492 | D:3      | Found a hide-covered altar of Uskayaw.
  2807 | D:3      | Found a stormy altar of Qazlal.
  2848 | D:3      | Found an iron altar of Okawaru.
  2882 | D:3      | Noticed Natasha
  2891 | D:3      | Killed Natasha
  2891 | D:3      | Reached XP level 5. HP: 22/42 MP: 5/5
  3247 | D:3      | Noticed Natasha
  3254 | D:3      | Killed Natasha
  3254 | D:3      | Reached skill level 4 in Fighting
  3623 | D:3      | Noticed Natasha
  3627 | D:3      | Killed Natasha
  3628 | D:3      | Found an ornate altar of the Wu Jian Council.
  3633 | D:3      | Noticed a wyvern
  3641 | D:3      | Mangled by a wyvern

Skill      XL: |  1  2  3  4  5 |
---------------+----------------+-----
Dodging        | 2 |  2.8
Long Blades    | 3 |  3.8
Armour         | 2 |  2.5
Stealth        | 1 2 |  2.0
Fighting       | 4 |  4.1

Action                   |  1- 3 |  4- 6 || total
-------------------------+-------+-------++-------
Melee: Falchion          |   146 |    95 ||   241
Invok: Berserk           |     2 |     2 ||     4
  Use: Potion            |     1 |       ||     1
 Stab: Sleeping          |     5 |     2 ||     7
  Eat: Chunk             |     6 |     6 ||    12
Armor: Animal skin       |    25 |    13 ||    38
       Scale mail        |       |    28 ||    28
Dodge: Dodged            |   100 |    69 ||   169
       Rpst.: Falchion   |    28 |    21 ||    49
